 Dungeon Crawl Stone Soup version bcrawl-1.15.1 (webtiles) character file.

Game seed: 18010139851762456961

44 Neldar the Chiller (level 3, -3/26 HPs)
             Began as a Draconian Ice Elementalist on Oct 1, 2019.
             Killed from afar by Sigmund (4 damage)
             ... with a magic dart
             ... on level 2 of the Dungeon.
             The game lasted 00:17:38 (1465 turns).

Neldar the Chiller (Draconian Ice Elementalist)     Turns: 1465, Time: 00:17:39

Health: -3/26      AC:  5    Str: 10    XL:     3   Next: 39%
Magic:  1/7        EV: 12    Int: 16    God:
Gold:   73         SH:  0    Dex: 11    Spells: 6/7 levels left

rFire    . . .     SeeInvis .   h - +0 hunting sling
rCold    . . .     Gourm    .   (no shield)
rNeg     . . .     Faith    .   (armour unavailable)
rPois    .         Spirit   .   (helmet restricted)
rElec    .         Reflect  .   (no cloak)
rCorr    .         Harm     .   (no gloves)
MR       .....                  (no boots)
Stlth    ++........             s - amulet of rage (curse)
HPRegen  0.08/turn              (no ring)
MPRegen  0.10/turn              (no ring)

@: no status effects
A: unfitting armour, cold-blooded, AC +5
a: Evoke Berserk Rage


You were on level 2 of the Dungeon.
You were not hungry.

You visited 1 branch of the dungeon, and saw 2 of its levels.

You collected 73 gold pieces.

Inventory:

Hand Weapons
 f - a +0 dagger
 g - a +0 club
 h - a +0 hunting sling (weapon)
 i - a +0 whip
 l - a +0 club
 o - a +0 dagger of venom
 q - a +0 dagger
 x - a +0 dagger
 y - a +0 dagger
 z - a +0 whip
 B - a +0 club
Missiles
 e - 124 stones (quivered)
 m - 204 poisoned needles
 n - 129 arrows
Armour
 d - a +0 chain mail
 t - a +0 leather armour
 u - a +0 scale mail
 A - a +0 scale mail
Jewellery
 s - a cursed amulet of rage (around neck)
Scrolls
 b - a scroll of identify
Potions
 a - a potion of lignification {unknown}
 j - 2 potions of resistance {unknown}
 k - a potion of curing {unknown}
 p - a potion of flight {unknown}
 v - a potion of mutation {unknown}
 w - a potion of haste {unknown}
Comestibles
 c - a ration {!d}


   Skills:
 + Level 0.3 Slings
 + Level 2.0 Dodging
 + Level 2.1 Stealth
 * Level 2.7 Spellcasting
   Level 1.0 Conjurations
 * Level 3.6 Ice Magic


You had 6 spell levels left.
You knew the following spells:

 Your Spells              Type           Power        Failure   Level  Hunger
a - Freeze                Ice            ##....       4%          1    #......

Your spell library contained the following spells:

 Spells                   Type           Power        Failure   Level  Hunger
 Throw Frost              Conj/Ice       #.....       11%         2    ##.....
 Ozocubu's Armour         Chrm/Ice       #.......     28%         3    ###....
 Throw Icicle             Conj/Ice       #.......     58%         4    #####..
 Summon Ice Beast         Ice/Summ       #.......     67%         4    #####..


Dungeon Overview and Level Annotations

Branches:
Dungeon (2/12)

Altars:

Annotations:
D:2 Sigmund


Innate Abilities, Weirdness & Mutations

Your plain brown scales are hard. (AC +5)
You cannot fit into any form of body armour.
You are cold-blooded and may be slowed by cold attacks.


Message History

Aim: a worm (severely wounded)
You freeze the worm.
The worm is almost dead.
Sigmund hits you but does no damage.
As you read the scroll labeled TEMUH HEZUNG, it crumbles to dust.
It is a scroll of identify.
Really abort (and waste the scroll)? [Y]es or [N]o only, please.
Really abort (and waste the scroll)?
Okay, then.
The worm bites you!
As you read the scroll labeled BOOZYETZ NAHUI, it crumbles to dust.
It is a scroll of amnesia.
Really abort (and waste the scroll)?
Okay, then.
Sigmund closely misses you. The worm bites you!
* * * LOW HITPOINT WARNING * * *
Sigmund points at you and mumbles some strange words.
The magic dart hits you!
You die...

#. #.# #. #.#
#.###.# #..##.#
##.##.#####
#.........#
#.#.w.....#
#.#...@...###
#.#..@.....!.
#.#..........
#.#..>.......
#.###########
#.#####...#
#.......#.#
#########.#######
#.##....#
#.##.##.#


You could see Sigmund and a worm.

Vanquished Creatures
  2 oozes (D:1)
  A dart slug (D:1)
  3 worms (D:1)
  A giant cockroach (D:1)
  5 goblins
  2 hobgoblins
  A jackal (D:2)
  4 kobolds
  3 bats (D:1)
  2 frilled lizards (D:1)
  3 rats (D:1)
27 creatures vanquished.

Notes
Turn   | Place    | Note
-------+----------+-------------------------------------------
     0 | D:1      | Neldar the Draconian Ice Elementalist began the quest for
                  | the Orb.
     0 | D:1      | Reached XP level 1. HP: 14/14 MP: 3/3
   151 | D:1      | Reached XP level 2. HP: 16/20 MP: 0/5
  1021 | D:1      | Reached XP level 3. HP: 26/26 MP: 4/6
  1447 | D:2      | Noticed Sigmund
  1464 | D:2      | HP: 1/26 [worm (7)]
  1465 | D:2      | Killed from afar by Sigmund

Skill      XL: |  1  2 |
---------------+-------+-----
Dodging        | 2 |  2.0
Slings         | |  0.3
Stealth        | |  2.1
Spellcasting   | |  2.7
Conjurations   | |  1.0
Ice Magic      | |  3.6

Action                   || total
-------------------------++-------
Melee: Dagger            ||     3
 Fire: Hunting sling     ||    51
Throw: Stone             ||     2
 Cast: Freeze            ||    36
Evoke: Wand              ||     1
  Use: Scroll            ||     2
  Eat: Ration            ||     1
Armor: Skin              ||     8
Dodge: Dodged            ||    18
